 Dungeon Crawl Stone Soup version 0.27-b1-2-g8387495791 (webtiles) character file.

Game seed: 6733208249142013214

849 vvl the Stinger (level 8, -3/51 HPs)
             Began as an Octopode Venom Mage on July 26, 2021.
             Slain by a bullfrog zombie (7 damage)
             ... on level 6 of the Dungeon.
             The game lasted 00:14:47 (6757 turns).

vvl the Stinger (Octopode Venom Mage)               Turns: 6757, Time: 00:14:48

Health: -3/51      AC:  1    Str: 15    XL:     8   Next: 1%
Magic:  31/31      EV: 13    Int: 17    God:
Gold:   142        SH:  0    Dex: 20    Spells: 8/13 levels left

rFire    + . .     SeeInvis .   w - +9 short sword "Numeynn" {vorpal, MP+9 Dex+7}
rCold    . . .     Faith    .   (no shield)
rNeg     . . .     Spirit   .   (helmet restricted)
rPois    .         Reflect  .   (no amulet)
rElec    .         Harm     .   q - +6 ring of strength
rCorr    .         Rampage  .   d - ring of magical power
Will     .....                  t - ring of wizardry
Stlth    ++++......             u - ring of protection from fire
HPRegen  0.17/turn              (no ring)
MPRegen  0.22/turn              (no ring)
                                (no ring)
                                (no ring)

@: no status effects
A: almost no armour, amphibious, 8 rings, camouflage 1, gelatinous body 1,
(nimble swimmer 1), tentacles
a: no special abilities


You were on level 6 of the Dungeon.
You visited 1 branch of the dungeon, and saw 6 of its levels.

You collected 226 gold pieces.
You spent 84 gold pieces at shops.

Inventory:

Hand Weapons
 w - the +9 short sword "Numeynn" (weapon) {vorpal, MP+9 Dex+7}
   (You took it off an orc on level 5 of the Dungeon)

   It inflicts extra damage upon your enemies.
   Dex:       It affects your dexterity (+7).
   MP:        It affects your magic capacity (+9).
Magical Staves
 o - a staff of conjuration
 x - a staff of fire
Jewellery
 d - a ring of magical power (right tentacle)
 q - a +6 ring of strength (left tentacle)
 t - a ring of wizardry (on tentacle)
 u - a ring of protection from fire (on tentacle)
Wands
 l - a wand of paralysis (3)
Scrolls
 a - 3 scrolls of magic mapping {unknown}
 g - a scroll of enchant armour {unknown}
 h - 2 scrolls of amnesia {unknown}
 i - 2 scrolls of blinking {unknown}
 k - 3 scrolls of noise {unknown}
 m - a scroll of torment {unknown}
 n - 2 scrolls of immolation {unknown}
 p - 4 scrolls of identify {unknown}
 r - 2 scrolls of enchant weapon {unknown}
 v - a scroll of vulnerability {unknown}
Potions
 b - a potion of lignification {unknown}
 c - 2 potions of flight {unknown}
 e - a potion of haste {unknown}
 f - a potion of attraction {unknown}
 j - a potion of brilliance
 s - a potion of might {unknown}


   Skills:
 + Level 2.6 Fighting
 + Level 0.2 Short Blades
 - Level 2.0 Dodging
 - Level 4.0 Stealth
 + Level 2.6 Unarmed Combat
 + Level 3.3 Spellcasting
 + Level 2.3 Summonings
 * Level 4.4 Transmutations
 + Level 2.3 Ice Magic
 + Level 5.1 Poison Magic


You had 8 spell levels left.
You knew the following spells:

 Your Spells              Type           Power      Damage    Failure   Level
a - Sting                 Tmut/Pois      76%        1d6       1%          1
b - Olgreb's Toxic Radia  Pois           20%        N/A       9%          4

Your spell library contained the following spells:

 Spells                   Type           Power      Damage    Failure   Level
 Wereblood                Tmut           17%        N/A       1%          2
 Poisonous Vapours        Pois/Air       22%        N/A       3%          2
 Frozen Ramparts          Ice            20%        1d4       9%          3
 Sublimation of Blood     Necr           1%         N/A       11%         2
 Mephitic Cloud           Conj/Pois/Air  8%         N/A       11%         3
 Ice Form                 Ice/Tmut       14%        N/A       16%         4
 Dazzling Flash           Conj/Hex       4%         N/A       21%         3
 Summon Ice Beast         Ice/Summ       10%        N/A       26%         4
 Iskenderun's Mystic Bla  Conj/Tloc      2%         2d3       52%         4
 Starburst                Conj/Fire      1%         8x6d3     100%        6
 Summon Hydra             Summ           5%         N/A       100%        7


Dungeon Overview and Level Annotations

Branches:
Dungeon (6/15)
 Temple: D:4-7

Altars:
Xom

Shops:
D:2 !


Innate Abilities, Weirdness & Mutations

You cannot wear most types of armour.
You are amphibious.
You can wear up to eight rings at the same time.
Your skin changes colour to match your surroundings (Stealth+).
Your rubbery body absorbs attacks. (AC +1, EV +1)
((You are camouflaged near water. (Stealth+)))
You have tentacles for arms and can constrict up to eight enemies at once.


Message History

There is an open door here.
Found 14 bolts.
You see here 14 bolts.
You see here a +0 club.
Done exploring.
Done exploring.
Done exploring.
Done exploring.
There is a stone staircase leading down here.
You climb downwards.
You hear the hiss of flowing sand.
There is an entrance to an ossuary on this level.
Hurry and find it before the portal is buried!
An adder and a centaur come into view.
You set off the alarm!
A sentinel's mark forms upon you.
You hear an angry hiss.
Something shouts, "Escape, thou foisting ditch-delivered codpiece!"
You hear an angry hiss.
You hear a shout! x4; You hear a bark!
Found a stone staircase leading up.
There is a stone staircase leading up here.
The centaur wields a +0 shortbow.
The centaur shoots an arrow.
The arrow hits you!
You climb upwards.
There is a stone staircase leading down here.
You start resting.
The sentinel's mark upon you fades away.
You climb downwards.
You hear the hiss of flowing sand.
There is an entrance to an ossuary on this level.
Hurry and find it before the portal is buried!
A wyvern skeleton comes into view.
The centaur shoots an arrow.
The arrow hits you! The adder bites you.
The centaur shoots an arrow.
The arrow barely misses you. The wyvern skeleton bites you!
The adder bites you.
There is a stone staircase leading up here.
The centaur shoots an arrow.
The arrow hits you!
* * * LOW HITPOINT WARNING * * *
The wyvern skeleton bites you.
* * * LOW HITPOINT WARNING * * *
The bullfrog zombie hits you!
You die...

#....##h.. .
........#
#.#.......#
........+
.......#
#.....##+##
...##.Z.S......
......Z@.......
...##..........
#..........
#...........
.............
..............
....<..........
c.............#


You could see a centaur, a hound, an adder, a bullfrog zombie and a wyvern
skeleton.

Vanquished Creatures
  Duvessa (D:4)
  A black bear (D:5)
  2 ogres (D:5)
  A phantom (D:4)
  Blork the orc (D:4)
  Dowan (D:4)
  A bullfrog skeleton (D:5)
  A jelly (D:5)
  2 hounds
  2 iguanas
  A hound skeleton (D:5)
  4 adders
  A white imp (D:5)
  A dart slug (D:1)
  4 orcs
  2 ball pythons
  10 endoplasms
  7 hobgoblins
  6 jackals (D:2)
  2 kobolds
  2 quokkas
  6 bats
  3 frilled lizards
  5 goblins
  8 rats
75 creatures vanquished.

Notes
Turn   | Place    | Note
-------+----------+-------------------------------------------
     0 | D:1      | vvl the Octopode Venom Mage began the quest for the Orb.
     0 | D:1      | Reached XP level 1. HP: 11/11 MP: 3/3
   437 | D:1      | Reached XP level 2. HP: 13/18 MP: 3/5
   543 | D:1      | Found a faded altar of an unknown god.
   960 | D:2      | Reached XP level 3. HP: 22/22 MP: 3/6
  1602 | D:2      | Found Deschup's Distillery.
  1608 | D:2      | Reached skill level 1 in Fighting
  1620 | D:2      | Bought a potion of brilliance for 48 gold pieces
  1620 | D:2      | Bought a potion of curing for 36 gold pieces
  2610 | D:3      | Reached skill level 1 in Unarmed Combat
  2610 | D:3      | Reached skill level 4 in Poison Magic
  2610 | D:3      | Reached XP level 4. HP: 15/28 MP: 4/7
  2615 | D:3      | Learned a level 4 spell: Olgreb's Toxic Radiance
  3082 | D:3      | Reached XP level 5. HP: 12/33 MP: 4/8
  4088 | D:4      | Noticed Dowan
  4089 | D:4      | Noticed Duvessa
  4110 | D:4      | HP: 1/33 [Duvessa (11)]
  4111 | D:4      | Killed Dowan
  4114 | D:4      | Killed Duvessa
  4115 | D:4      | Reached skill level 1 in Summonings
  4115 | D:4      | Reached XP level 6. HP: 15/39 MP: 1/10
  4360 | D:4      | Reached skill level 1 in Ice Magic
  4532 | D:5      | Entered Level 5 of the Dungeon
  4907 | D:5      | Noticed a black bear
  4910 | D:5      | Reached XP level 7. HP: 45/45 MP: 7/11
  5047 | D:5      | Identified the +9 short sword "Numeynn" {vorpal, MP+9
                  | Dex+7}
  5416 | D:4      | Reached skill level 5 in Poison Magic
  5750 | D:4      | Found a shimmering altar of Xom.
  5887 | D:4      | Noticed Blork the orc
  5897 | D:4      | Killed Blork the orc
  6568 | D:5      | Reached XP level 8. HP: 51/51 MP: 13/13
  6757 | D:6      | Slain by a bullfrog zombie

Illustrated notes

Levels and vault maps discovered:
D:1:      tarquinn_simple_flora_water_e, layout_loops_ring,
          basic_ecumenical_altar, minmay_cut_off
D:2:      layout_basic, serial_shops, shop, st_stairs_8
D:3:      layout_rooms, chequers_serial_rivers_large_a
D:4:      layout_loops_corners, overflow_temple_1_default, uniq_blork_the_orc,
          uniq_duvessa
D:5:      layout_basic
D:6:      layout_cave_pools, mainiacjoe_overflow_small_starburst,
          enter_ossuary_2, serial_glass, glass_columns_a, glass_columns_b,
          skrybe_limestone_x, uniq_eustachio, uniq_edmund

Skill      XL: |  1  2  3  4  5  6  7 |
---------------+----------------------+-----
Stealth        | 3 4 |  4.0
Transmutations | 2 3 4 |  4.4
Fighting       | 1 2 |  2.6
Unarmed Combat | 1 2 |  2.6
Poison Magic   | 4 5 |  5.1
Summonings     | 1 2 |  2.3
Ice Magic      | 1 2 |  2.3
Spellcasting   | 3 |  3.3
Short Blades   | |  0.2
Dodging        | |  2.0

Action                   |  1- 3 |  4- 6 |  7- 9 || total
-------------------------+-------+-------+-------++-------
Melee: Unarmed           |    67 |    65 |    24 ||   156
       Tentacles         |    20 |    13 |     8 ||    41
       Constrict         |    20 |    15 |     3 ||    38
       Punch             |     1 |     1 |       ||     2
       Short sword       |       |       |     3 ||     3
 Cast: Sting             |    33 |    44 |    27 ||   104
Evoke: Wand              |       |     1 |     1 ||     2
  Use: Potion            |       |     2 |       ||     2
 Stab: Sleeping          |     3 |     1 |       ||     4
       Paralysed         |       |     2 |       ||     2
Armor: Skin              |     5 |     7 |     3 ||    15
Dodge: Dodged            |    48 |    65 |    28 ||   141
